 Dungeon Crawl Stone Soup version 0.28-a0-1555-g9ae15a6949 (webtiles) character file.

Game seed: 13434095081507687832

557 buddhastalin the Ducker (level 7, 0/84 HPs)
             Began as a Gnoll Gladiator on Jan 19, 2022.
             Was an Initiate of Okawaru.
             Slain by a kobold brigand (5 damage)
             ... on level 5 of the Dungeon.
             The game lasted 00:08:27 (5357 turns).

buddhastalin the Ducker (Gnoll Gladiator)           Turns: 5357, Time: 00:08:29

Health: 0/84       AC:  8    Str: 13    XL:     7   Next: 30%
Magic:  10/10      EV: 13    Int: 10    God:    Okawaru [......]
Gold:   165        SH:  0    Dex: 13    Spells: 10/10 levels left

rFire   + . .      SeeInvis .   a - +0 trident
rCold   . . .      Faith    .   (no shield)
rNeg    . . .      Spirit   .   q - +1 ring mail {rF+}
rPois   .          Reflect  .   c - +0 helmet
rElec   .          Harm     .   (no cloak)
rCorr   .          Rampage  .   p - +0 pair of gloves
Will    .....                   (no boots)
Stlth   ..........              (no amulet)
HPRegen 0.24/turn               (no ring)
MPRegen 0.12/turn               (no ring)

@: berserking, very quick
A: fangs 1, strong nose, distributed training
a: Renounce Religion


You were on level 5 of the Dungeon.
You worshipped Okawaru.
Okawaru was noncommittal.
You visited 2 branches of the dungeon, and saw 6 of its levels.

You collected 165 gold pieces.

Inventory:

Hand Weapons
 a - a +0 trident (weapon)
Missiles
 d - 3 throwing nets
 g - 10 javelins (quivered)
Armour
 c - a +0 helmet (worn)
 p - a +0 pair of gloves (worn)
 q - a +1 ring mail of fire resistance (worn)
Wands
 l - a wand of iceblast (12)
 n - a wand of charming (3)
Scrolls
 e - a scroll of enchant armour {unknown}
 f - 2 scrolls of fear {unknown}
 i - 3 scrolls of identify
 j - a scroll of torment {unknown}
 k - a scroll of magic mapping {unknown}
 o - 3 scrolls of amnesia {unknown}
 u - a scroll of teleportation {unknown}
 v - a scroll of blinking {unknown}
Potions
 b - 2 potions of berserk rage
 h - 2 potions of flight
 m - 3 potions of mutation
 r - a potion of cancellation {unknown}
 s - a potion of invisibility {unknown}
 t - a potion of curing {unknown}


   Skills:
 + Level 5.2 Fighting
 + Level 2.4 Short Blades
 + Level 2.4 Long Blades
 + Level 2.4 Axes
 + Level 2.4 Maces & Flails
 + Level 7.0 Polearms
 + Level 2.4 Staves
 + Level 2.4 Slings
 + Level 2.4 Bows
 + Level 2.4 Crossbows
 + Level 5.2 Throwing
 + Level 2.4 Armour
 + Level 7.0 Dodging
 + Level 2.4 Stealth
 + Level 2.4 Shields
 + Level 2.4 Unarmed Combat
 + Level 2.4 Spellcasting
 + Level 2.0 Conjurations
 + Level 2.0 Hexes
 + Level 2.0 Summonings
 + Level 2.0 Necromancy
 + Level 2.0 Translocations
 + Level 2.0 Transmutations
 + Level 2.0 Fire Magic
 + Level 2.0 Ice Magic
 + Level 2.0 Air Magic
 + Level 2.0 Earth Magic
 + Level 2.0 Poison Magic
 + Level 2.6 Invocations
 + Level 2.4 Evocations


You had 10 spell levels left.
You didn't know any spells.
Your spell library contained the following spells:

 Spells                   Type           Power      Damage    Failure   Level
 Dispersal                Tloc           2%         N/A       100%        6
 Disjunction              Tloc           2%         N/A       100%        8


Dungeon Overview and Level Annotations

Branches:
Dungeon (5/15)             Temple (1/1) D:4

Altars:
Dithmenos
Gozag
Kikubaaqudgha
Makhleb
Nemelex Xobeh
Okawaru
Qazlal
Ru
Wu Jian
Xom

Shops:
D:2 =??**

Portals:
Abyss: D:5

Annotations:
D:5 1 transporter


Innate Abilities, Weirdness & Mutations

You have very sharp teeth.
Your uncanny sense of smell can sniff out nearby items.
Your experience applies equally to all skills.


Message History

Psuckher's ghost keens inconsolably.
Your Conjurations skill increases to level 2!
Your Hexes skill increases to level 2!
Your Summonings skill increases to level 2!
Your Necromancy skill increases to level 2!
Your Translocations skill increases to level 2!
Your Transmutations skill increases to level 2!
Your Fire Magic skill increases to level 2!
Your Ice Magic skill increases to level 2!
Your Air Magic skill increases to level 2!
Your Earth Magic skill increases to level 2!
Your Poison Magic skill increases to level 2!
A red film seems to cover your vision as you go berserk!
You feel yourself moving faster!
You feel mighty!
The kobold brigand hits you with a +1 short sword of distortion.
Space warps around you. Psuckher's ghost hits you.
You closely miss psuckher's ghost. You puncture psuckher's ghost!
Psuckher's ghost is moderately damaged.
The kobold brigand barely misses you. Psuckher's ghost barely misses you.
You hit psuckher's ghost.
Psuckher's ghost is severely damaged.
The kobold brigand hits you with a +1 short sword of distortion.
Space warps around you. Psuckher's ghost hits you.
* * * LOW HITPOINT WARNING * * *
You puncture psuckher's ghost!
You destroy psuckher's ghost!
Okawaru accepts your kill.
You hit the kobold brigand. You punch the kobold brigand.
You bite the kobold brigand!
The kobold brigand is heavily wounded.
The kobold brigand closely misses you. The small abomination hits you!
* * * LOW HITPOINT WARNING * * *
You puncture the kobold brigand!
The kobold brigand is almost dead.
The small abomination closely misses you.
The kobold brigand hits you with a +1 short sword of distortion!
* * * LOW HITPOINT WARNING * * *
Space warps around you.
You die...

...##..##....##.##....#..........
...###W ###.## #.........######
....###...### #.###.......##
......#....K. .#.$#........#
#....##....##.#..##....##..##
#...## ..K.. .#.##..†..###..##
#..##∆#.####.##.#......# ###.##
#..#.#..#..##..x##...#.# ##)##
#..##©###...###K@#...#.# ##.##
)...###.......####...#.# #...
.....................#.# ##..
.....................#.# #..
.#...#######...#####...# #..
##.......# ##...## ##..# ##..
###......# ##...###..## ##..# #
##.....# ##......## ##...# #
##...## ##.)..## ##...##


You could see a kobold brigand and a small abomination.

Vanquished Creatures
  A necrophage (D:5)
  A hound (D:4)
  A jelly (D:4)
  A bullfrog skeleton (D:5)
  A centaur skeleton (D:5)
  Ijyb (D:3)
  Terence (D:2)
  5 iguanas
  Robin (D:2)
  3 adders
  A shadow imp (D:5)
  2 white imps (D:5)
  An ufetubus (D:4)
  An adder skeleton (D:4)
  A worm (D:4)
  The ghost of psuckher the Sneak, a weakling BaDe (D:5)
  3 dart slugs
  4 orcs
  4 bats
  5 endoplasms
  3 giant cockroaches
  9 hobgoblins
  9 jackals
  3 quokkas (D:1)
  4 ball pythons
  2 frilled lizards
  19 goblins
  5 kobolds
  A rat (D:3)
94 creatures vanquished.

Notes
Turn   | Place    | Note
-------+----------+-------------------------------------------
     0 | D:1      | buddhastalin the Gnoll Gladiator began the quest for the
                  | Orb.
     0 | D:1      | Reached XP level 1. HP: 20/20 MP: 1/1
   102 | D:1      | Reached XP level 2. HP: 20/26 MP: 2/2
   906 | D:2      | Found Girch's Assorted Antiques.
   926 | D:2      | Found Pyppipid's General Store.
   948 | D:2      | Reached XP level 3. HP: 31/31 MP: 3/3
  1061 | D:2      | Noticed Robin
  1112 | D:2      | Killed Robin
  1113 | D:2      | Reached skill level 1 in Invocations
  1350 | D:2      | Reached skill level 1 in Short Blades
  1350 | D:2      | Reached skill level 1 in Long Blades
  1350 | D:2      | Reached skill level 1 in Axes
  1350 | D:2      | Reached skill level 1 in Maces & Flails
  1350 | D:2      | Reached skill level 1 in Staves
  1350 | D:2      | Reached skill level 1 in Slings
  1350 | D:2      | Reached skill level 1 in Bows
  1350 | D:2      | Reached skill level 1 in Crossbows
  1350 | D:2      | Reached skill level 1 in Armour
  1350 | D:2      | Reached skill level 1 in Stealth
  1350 | D:2      | Reached skill level 1 in Shields
  1350 | D:2      | Reached skill level 1 in Unarmed Combat
  1350 | D:2      | Reached skill level 1 in Spellcasting
  1350 | D:2      | Reached skill level 1 in Evocations
  1376 | D:2      | Reached XP level 4. HP: 38/38 MP: 5/5
  1425 | D:2      | Found Zaoce's Magic Scroll Shop.
  1462 | D:2      | Found Xaobugau's Jewellery Boutique.
  1473 | D:2      | Noticed Terence
  1494 | D:2      | Killed Terence
  1495 | D:2      | Reached skill level 1 in Conjurations
  1495 | D:2      | Reached skill level 1 in Hexes
  1495 | D:2      | Reached skill level 1 in Summonings
  1495 | D:2      | Reached skill level 1 in Necromancy
  1495 | D:2      | Reached skill level 1 in Translocations
  1495 | D:2      | Reached skill level 1 in Transmutations
  1495 | D:2      | Reached skill level 1 in Fire Magic
  1495 | D:2      | Reached skill level 1 in Ice Magic
  1495 | D:2      | Reached skill level 1 in Air Magic
  1495 | D:2      | Reached skill level 1 in Earth Magic
  1495 | D:2      | Reached skill level 1 in Poison Magic
  1840 | D:2      | Found Noanapsa's Magic Scroll Shoppe.
  2176 | D:3      | Reached XP level 5. HP: 33/43 MP: 6/6
  2296 | D:3      | Noticed Ijyb
  2341 | D:3      | Killed Ijyb
  3468 | D:4      | Reached XP level 6. HP: 38/50 MP: 8/8
  3636 | D:4      | Found a staircase to the Ecumenical Temple.
  3664 | Temple   | Entered the Ecumenical Temple
  3727 | Temple   | Became a worshipper of Warmaster Okawaru
  4069 | D:5      | Entered Level 5 of the Dungeon
  4072 | D:5      | Noticed a necrophage
  4083 | D:4      | Reached skill level 5 in Fighting
  4083 | D:4      | Reached skill level 5 in Throwing
  4184 | D:5      | Killed a necrophage
  4235 | D:5      | Found a transporter.
  4245 | D:5      | Found a one-way gate to the infinite horrors of the Abyss.
  4245 | D:5      | Noticed psuckher's ghost (weakling BaDe)
  4245 | D:5      | Noticed a small abomination
  4246 | D:5      | Found a transporter.
  4247 | D:5      | Noticed a small abomination
  4417 | D:5      | Reached XP level 7. HP: 56/56 MP: 10/10
  5355 | D:5      | Killed psuckher's ghost
  5357 | D:5      | Slain by a kobold brigand

Illustrated notes

Levels and vault maps discovered:
D:1:      nicolae_arrival_somewhat_less_tricky_arrival, layout_loops_ring,
          serial_rivers, chequers_serial_rivers_micro_d,
          chequers_serial_rivers_micro_b, chequers_serial_rivers_small_a,
          chequers_serial_rivers_micro_c, chequers_serial_rivers_room_b
D:2:      layout_loops_ring, serial_shops, shop, nicolae_shop_hallway_stairs,
          shop_fountains, shop, shop, uniq_terence, uniq_robin
D:3:      kennysheep_goblin_castle, layout_basic, kennysheep_nondescript
D:4:      minmay_chambers_of_twos, layout_basic, minmay_temple_entry_statues
D:5:      layout_layer_cave, gammafunk_ghost_abyssal_escape
Temple:   mainiacjoe_temple_circle_huts

Skill      XL: |  1  2  3  4  5  6  7 |
---------------+----------------------+-----
Invocations    | 1 2 |  2.6
Short Blades   | 1 2 |  2.4
Long Blades    | 1 2 |  2.4
Axes           | 1 2 |  2.4
Maces & Flails | 1 2 |  2.4
Staves         | 1 2 |  2.4
Slings         | 1 2 |  2.4
Bows           | 1 2 |  2.4
Crossbows      | 1 2 |  2.4
Armour         | 1 2 |  2.4
Stealth        | 1 2 |  2.4
Shields        | 1 2 |  2.4
Unarmed Combat | 1 2 |  2.4
Spellcasting   | 1 2 |  2.4
Evocations     | 1 2 |  2.4
Conjurations   | 1 2 |  2.0
Hexes          | 1 2 |  2.0
Summonings     | 1 2 |  2.0
Necromancy     | 1 2 |  2.0
Translocations | 1 2 |  2.0
Transmutations | 1 2 |  2.0
Fire Magic     | 1 2 |  2.0
Ice Magic      | 1 2 |  2.0
Air Magic      | 1 2 |  2.0
Earth Magic    | 1 2 |  2.0
Poison Magic   | 1 2 |  2.0
Fighting       | 5 |  5.2
Throwing       | 5 |  5.2
Polearms       | 7 |  7.0
Dodging        | 7 |  7.0

Action                   |  1- 3 |  4- 6 |  7- 9 || total
-------------------------+-------+-------+-------++-------
Melee: Trident           |   111 |   229 |    67 ||   407
       Bite              |     5 |    28 |    12 ||    45
       Punch             |     2 |     4 |     2 ||     8
Throw: Javelin           |       |     5 |       ||     5
  Use: Scroll            |       |     3 |       ||     3
       Potion            |       |       |     1 ||     1
 Stab: Sleeping          |     1 |     2 |     1 ||     4
Armor: Leather armour    |    11 |       |       ||    11
       Chain mail        |    33 |    54 |       ||    87
       Ring mail         |       |    36 |    20 ||    56
Dodge: Dodged            |    47 |   103 |    42 ||   192

Table legend: (Time is in decaauts)
 A = Elapsed time spent in this place.
 B = Non-inter-level travel time spent in this place.
 C = Inter-level travel time spent in this place.
 D = Time resting spent in this place.
 E = Time spent auto-exploring this place.
 F = Levels seen in this place.
 G = Mean time per level.
                   A        B        C        D        E       F      G
               +--------+--------+--------+--------+--------+-----+--------+
         Total |   5345 |   5042 |    303 |   1033 |   3183 |   6 |  890.8 |
       Dungeon |   5260 |   4977 |    283 |   1033 |   3137 |   5 | 1052.0 |
        Temple |     84 |     64 |     20 |      0 |     46 |   1 |   84.0 |
               +--------+--------+--------+--------+--------+-----+--------+

Top non-repeatable levels by time:
     D:5: 1253 daAuts
     D:3: 1176 daAuts
     D:2: 1141 daAuts
     D:1: 906 daAuts
     D:4: 783 daAuts
  Temple: 84 daAuts
